 Dungeon Crawl Stone Soup version 0.31-a0-1626-g5cb510d322 (webtiles) character file.

Game seed: 17091015697517754338

24871 Malachi the Martial Artist (level 13, 0/100 HPs)
             Began as a Gnoll Shapeshifter on Jan 12, 2024.
             Was an Initiate of Gozag.
             Slain by a green ugly thing (10 damage)
             ... on level 13 of the Dungeon.
             The game lasted 00:37:51 (16565 turns).

Malachi the Martial Artist (Gnoll Shapeshifter)    Turns: 16565, Time: 00:37:52

Health: 0/100      AC: 10    Str: 10    XL:     13   Next: 15%
Magic:  25/25      EV: 21    Int: 20    God:    Gozag
Gold:   1999       SH:  0    Dex: 13    Spells: 19/28 levels left

rFire   + + +        N - +5 rapier of Nolo Contendere {venom, Will+}
rCold   + . .        (no shield)
rNeg    + + +        g - +0 robe "Capneunk" {*Corrode rF++}
rPois   +            (no helmet)
rElec   +            a - +0 cloak
rCorr   +            y - +1 pair of gloves
SInv    .            T - +3 pair of seven-league boots {Rampage+∞}
Will    +++..        h - amulet of regeneration
Stlth   +++++        s - ring "Simmiachi" {rElec rN++ rCorr Str-3 Int+6}
HPRegen 1.16/turn    P - ring of Ytoito {rN+ Will+ EV+5 Stlth+}
MPRegen 0.19/turn

%: corrode self (3%), rampage+∞
@: resistant, on berserk cooldown, enlightened, flying, slowed, very slow
A: fangs 1, strong nose, distributed training, fire resistance 1, MP-powered
wands
a: Renounce Religion, Potion Petition, Call Merchant, Bribe Branch


You were on level 13 of the Dungeon.
You worshipped Gozag.
Gozag was most pleased with you.
You visited 1 branch of the dungeon, and saw 14 of its levels.
You also visited: Sewer, Ossuary and Bailey.

You collected 4709 gold pieces.
You spent 496 gold pieces at shops.
You paid 2214 gold pieces to Gozag.

Inventory:

Hand Weapons
 F - the +7 spear "Doddetae" {speed, Dex+2}
   (You found it on level 5 of the Dungeon)

   Dex+2:     It affects your dexterity (+2).
 N - the +5 rapier of Nolo Contendere (weapon) {venom, Will+}
   (You found it on level 6 of the Dungeon)

   Will+:     It increases your willpower.
Missiles
 q - 37 poisoned darts
 u - 5 datura-tipped darts
 B - a throwing net
 U - 10 curare-tipped darts (quivered)
 V - 5 atropa-tipped darts
Armour
 a - a +0 cloak (worn)
 g - the +0 robe "Capneunk" (worn) {*Corrode rF++}
   (You found it on level 11 of the Dungeon)

   rF++:      It greatly protects you from fire.
   *Corrode:  It may corrode you when you take damage.
 y - a +1 pair of gloves (worn)
 T - the +3 pair of seven-league boots (worn) {Rampage+∞}
   (You found it in a bailey)

   Rampage+∞: When moving toward enemies, its wearer moves as far as possible,
   alerting their target en route.
 Z - a +4 chain mail of willpower
Jewellery
 h - an amulet of regeneration (around neck)
 n - a ring of poison resistance
 s - the ring "Simmiachi" (left hand) {rElec rN++ rCorr Str-3 Int+6}
   (You acquired it on level 4 of the Dungeon)

   [ring of intelligence]

   Str-3:     It affects your strength (-3).
   Int+6:     It affects your intelligence (+6).
   rElec:     It insulates you from electricity.
   rN++:      It greatly protects you from negative energy.
   rCorr:     It protects you from acid and corrosion.
 v - a ring of protection from cold
 P - the ring of Ytoito (right hand) {rN+ Will+ EV+5 Stlth+}
   (You found it on level 7 of the Dungeon)

   [ring of evasion]

   EV+5:      It affects your evasion (+5).
   rN+:       It protects you from negative energy.
   Will+:     It increases your willpower.
   Stlth+:    It makes you more stealthy.
 R - a ring of see invisible
 W - a ring of protection from cold
Talismans
 c - a beast talisman
 d - a flux talisman
 L - a blade talisman
Wands
 b - a wand of acid (14)
 w - a wand of flame (22)
 C - a wand of paralysis (14)
 E - a wand of mindburst (6)
 O - a wand of roots (5)
 Q - a wand of digging (2)
Scrolls
 f - 2 scrolls of enchant weapon
 i - 8 scrolls of teleportation
 j - 2 scrolls of blinking
 k - a scroll of enchant armour
 l - a scroll of summoning
 p - 2 scrolls of poison
 t - 4 scrolls of revelation
 x - a scroll of silence
 H - 3 scrolls of immolation
 J - 4 scrolls of fog
Potions
 e - 2 potions of berserk rage
 m - 2 potions of brilliance
 o - a potion of haste {unknown}
 r - 4 potions of enlightenment
 z - 2 potions of resistance
 A - a potion of cancellation
 D - a potion of mutation
 G - 10 potions of curing
 I - 4 potions of lignification
 M - a potion of might
Miscellaneous
 X - a phantom mirror
 Y - a sack of spiders


   Skills:
 + Level 8.8 Fighting
 + Level 8.3 Short Blades
 + Level 8.3 Long Blades
 + Level 8.3 Axes
 + Level 8.3 Maces & Flails
 + Level 8.3 Polearms
 + Level 8.3 Staves
 + Level 8.3 Ranged Weapons
 + Level 8.3 Throwing
 + Level 8.3 Armour
 + Level 9.6 Dodging
 + Level 8.3 Stealth
 + Level 8.3 Shields
 + Level 10.6 Unarmed Combat
 + Level 8.3 Spellcasting
 + Level 6.9 Conjurations
 + Level 6.9 Hexes
 + Level 6.9 Summonings
 + Level 6.9 Necromancy
 + Level 6.9 Translocations
 + Level 6.9 Fire Magic
 + Level 6.9 Ice Magic
 + Level 6.9 Air Magic
 + Level 6.9 Earth Magic
 + Level 6.9 Alchemy
 + Level 9.1 Invocations
 + Level 8.3 Evocations
 + Level 10.1 Shapeshifting


You had 19 spell levels left.
You knew the following spells:

 Your Spells              Type           Power      Damage    Failure   Level
a - Shock                 Conj/Air       100%       1d9       1%          1
b - Airstrike             Air            18%        2d(3-19)  4%          4
c - Summon Blazeheart Go  Fire/Summ      36%        N/A       4%          4

Your spell library contained the following spells:

 Spells                   Type           Power      Damage    Failure   Level
 Apportation              Tloc           72%        N/A       1%          1
 Freeze                   Ice            100%       1d10      1%          1
 Kiss of Death            Conj/Necr      100%       2d13      1%          1
 Necrotise                Necr           100%       1d9       1%          1
 Slow                     Hex            100%       N/A       1%          1
 Sting                    Conj/Alch      100%       1d9       1%          1
 Summon Small Mammal      Summ           100%       N/A       1%          1
 Blink                    Tloc           72%        N/A       1%          2
 Call Imp                 Summ           72%        N/A       1%          2
 Jinxbite                 Hex            72%        N/A       1%          2
 Lesser Beckoning         Tloc           72%        N/A       1%          2
 Momentum Strike          Conj/Tloc      72%        3d10      1%          2
 Sublimation of Blood     Necr           36%        N/A       1%          2
 Confusing Touch          Hex            36%        N/A       1%          3
 Frozen Ramparts          Ice            72%        1d11      1%          3
 Gell's Gravitas          Tloc           36%        N/A       1%          3
 Hailstorm                Conj/Ice       36%        3d9       1%          3
 Sigil of Binding         Hex            36%        N/A       1%          3
 Stone Arrow              Conj/Erth      72%        3d11      1%          3
 Swiftness                Air            36%        N/A       1%          3
 Teleport Other           Tloc           36%        N/A       1%          3
 Vampiric Draining        Necr           36%        2d8       1%          3
 Animate Armour           Summ/Erth      72%        N/A       4%          4
 Dispel Undead            Necr           36%        3d15      4%          4
 Ignite Poison            Fire/Alch      36%        N/A       4%          4
 Sticky Flame             Fire/Alch      36%        2d8       4%          4
 Summon Forest            Summ/Tloc      18%        N/A       13%         5
 Yara's Violent Unravell  Hex/Alch       18%        3d9       13%         5
 Eringya's Noxious Bog    Alch           18%        4d6       58%         6
 Enfeeble                 Hex            18%        N/A       99%         7
 Orb of Destruction       Conj           18%        9d8       99%         7
 Spellforged Servitor     Conj/Summ      18%        N/A       99%         7
 Summon Hydra             Summ           18%        N/A       99%         7
 Ignition                 Fire           18%        3d7       100%        8
 Lehudib's Crystal Spear  Conj/Erth      18%        10d5      100%        8
 Chain Lightning          Conj/Air       18%        3d24      100%        9
 Fire Storm               Conj/Fire      18%        8d5       100%        9
 Shatter                  Erth           18%        3d17*     100%        9


Dungeon Overview and Level Annotations

Branches:
Dungeon (14/15)            Temple (0/1) D:4            Lair (0/5) D:10
    Orc (0/2) D:11         Vaults (0/5) D:14          Sewer (visited)
Ossuary (visited)          Bailey (visited)

Altars:
Ashenzari
Dithmenos
Fedhas
Gozag
Hepliaklqana
Nemelex Xobeh
Okawaru
Ru
Sif Muna
Trog
Vehumet
Zin

Shops:
D:7 *   D:10 *

Annotations:
D:5 2 transporters
D:6 2 runed translucent doors, exclusion: 2 doors, Frosty's ghost, novice HOCA


Innate Abilities, Weirdness & Mutations

You have very sharp teeth.
Your uncanny sense of smell can sniff out nearby items.
Your experience applies equally to all skills.
Your flesh is heat resistant. (rF+)
You expend magic power (3 MP) to strengthen your wands.


Message History

You feel very sick. The green ugly thing claws you.
* * * LOW HITPOINT WARNING * * *
You closely miss the green ugly thing.
The green ugly thing is moderately wounded.
You feel very sick.
The green ugly thing closely misses you.
You hit the green ugly thing but do no damage.
The green ugly thing is lightly wounded.
You feel sick. The green ugly thing misses you.
The green ugly thing completely misses you.
You hit the green ugly thing.
The green ugly thing is moderately wounded.
You feel sick.
The green ugly thing claws you but does no damage.
You puncture the green ugly thing!
You bite the green ugly thing, but do no damage.
The green ugly thing is moderately wounded.
You feel sick. The green ugly thing barely misses you.
You closely miss the green ugly thing.
The green ugly thing is moderately wounded.
You feel sick.
The green ugly thing completely misses you.
You barely miss the green ugly thing.
You bite the green ugly thing, but do no damage.
The green ugly thing is moderately wounded.
You feel sick. The green ugly thing claws you.
* * * LOW HITPOINT WARNING * * *
You hit the green ugly thing.
The green ugly thing is heavily wounded.
You feel sick.
The green ugly thing completely misses you.
The green ugly thing claws you but does no damage.
You puncture the green ugly thing!
The green ugly thing is heavily wounded.
You feel sick.
You are no longer poisoned.
The green ugly thing claws you!
You die...
Your body crumbles into a pile of gold.

#......
.......
.......
#......
#......##
#.......#
#.....u.+
+......@#
#......##
#......
#......
#......
#......
#......
#......


You could see a green ugly thing.

Vanquished Creatures
  Kirke (D:12)
  Snorg (D:10)
  Josephine (D:10)
  A two-headed ogre (D:11)
  Erica (D:9)
  A tengu warrior (D:10)
  5 ugly things (D:14)
  A deep elf pyromancer (D:12)
  Maurice (D:9)
  2 manticores
  3 gargoyles
  Joseph (D:9)
  Maggie (D:6)
  A yaktaur (D:14)
  A komodo dragon (D:12)
  2 kobold demonologists (D:10)
  3 trolls
  Prince Ribbit (D:7)
  5 wyverns
  7 wraiths
  37 yaks
  3 vampires
  A hog (D:12)
  7 humans
  3 steam dragons
  5 vampire mosquitoes (D:12)
  2 water moccasins (D:10)
  2 acid dragons
  2 orc warriors
  A laughing skull (D:8)
  An ogre (D:5)
  5 kobold brigands
  5 scorpions
  2 bullfrogs (D:9)
  3 wights (D:7)
  12 killer bees
  8 vampire bats (Bailey)
  2 howler monkeys
  8 wolf zombies (Bailey)
  A gnoll bouda (D:7)
  2 human zombies (Ossuary)
  2 bombardier beetles
  4 hounds
  6 orc priests
  4 jellies
  Jessica (D:2)
  4 iguanas
  5 sleepcaps
  Natasha (thrice) (D:3)
  7 orc wizards
  Ijyb (D:4)
  A statue (D:9)
  A hound zombie (Ossuary)
  4 mummies (Ossuary)
  Robin (D:4)
  11 gnolls
  7 adders
  2 river rats (Sewer)
  2 ufetubi (D:6)
  2 adder zombies (Ossuary)
  2 dart slugs (D:1)
  A ribbon worm (D:2)
  23 orcs
  4 bats
  9 endoplasms
  4 giant cockroaches
  17 goblins
  10 hobgoblins
  10 jackals
  7 quokkas
  7 ball pythons
  3 frilled lizards
  4 goblin zombies (Ossuary)
  A hobgoblin zombie (Ossuary)
  A jackal zombie (Ossuary)
  28 kobolds
  A kobold zombie (Ossuary)
  17 orc zombies (Bailey)
  9 rats
378 creatures vanquished.

Vanquished Creatures (collateral kills)
  A slime creature (D:12)
  A vampire mosquito (D:12)
2 creatures vanquished.

Vanquished Creatures (others)
  4 humans (D:12)
  A vampire mosquito (D:12)
5 creatures vanquished.

Grand Total: 385 creatures vanquished

Notes
Turn   | Place    | Note
-------+----------+-------------------------------------------
     0 | D:1      | Malachi the Gnoll Shapeshifter began the quest for the Orb.
     0 | D:1      | Reached XP level 1. HP: 17/17 MP: 1/1
   167 | D:1      | Reached XP level 2. HP: 23/23 MP: 2/2
   516 | D:1      | Reached XP level 3. HP: 27/28 MP: 3/3
   841 | D:2      | Reached skill level 1 in Invocations
   996 | D:2      | Reached skill level 1 in Short Blades
   996 | D:2      | Reached skill level 1 in Long Blades
   996 | D:2      | Reached skill level 1 in Axes
   996 | D:2      | Reached skill level 1 in Maces & Flails
   996 | D:2      | Reached skill level 1 in Polearms
   996 | D:2      | Reached skill level 1 in Staves
   996 | D:2      | Reached skill level 1 in Ranged Weapons
   996 | D:2      | Reached skill level 1 in Throwing
   996 | D:2      | Reached skill level 1 in Armour
   996 | D:2      | Reached skill level 1 in Stealth
   996 | D:2      | Reached skill level 1 in Shields
   996 | D:2      | Reached skill level 1 in Spellcasting
   996 | D:2      | Reached skill level 1 in Evocations
  1131 | D:2      | Noticed Jessica
  1134 | D:2      | Killed Jessica
  1135 | D:2      | Reached XP level 4. HP: 34/34 MP: 5/5
  1259 | D:3      | Reached skill level 1 in Conjurations
  1259 | D:3      | Reached skill level 1 in Hexes
  1259 | D:3      | Reached skill level 1 in Summonings
  1259 | D:3      | Reached skill level 1 in Necromancy
  1259 | D:3      | Reached skill level 1 in Translocations
  1259 | D:3      | Reached skill level 1 in Fire Magic
  1259 | D:3      | Reached skill level 1 in Ice Magic
  1259 | D:3      | Reached skill level 1 in Air Magic
  1259 | D:3      | Reached skill level 1 in Earth Magic
  1259 | D:3      | Reached skill level 1 in Alchemy
  1345 | D:3      | Noticed Natasha
  1356 | D:3      | Killed Natasha
  1738 | D:3      | Reached XP level 5. HP: 38/40 MP: 7/7
  1748 | D:3      | Found a glowing drain.
  1752 | Sewer    | Entered a sewer
  1839 | Sewer    | Noticed a kobold brigand
  1906 | Sewer    | Noticed a kobold brigand
  2442 | Sewer    | Killed a kobold brigand
  2705 | Sewer    | Gained mutation: You expend magic power (3 MP) to
                  | strengthen your wands. [potion of mutation]
  2705 | Sewer    | Gained mutation: Your flesh is heat resistant. (rF+)
                  | [potion of mutation]
  2706 | Sewer    | HP: 3/61 [poisoned by a kobold brigand (curare-tipped
                  | dart)]
  2760 | Sewer    | Killed a kobold brigand
  2761 | Sewer    | Reached skill level 5 in Dodging
  2761 | Sewer    | Reached XP level 6. HP: 27/47 MP: 7/9
  2895 | Sewer    | Found a glowing silver altar of Zin.
  3112 | D:3      | Noticed Natasha
  3117 | D:3      | Killed Natasha
  3272 | D:3      | Noticed Natasha
  3284 | D:3      | Killed Natasha
  3581 | D:3      | Learned a level 1 spell: Shock
  3586 | D:3      | Learned a level 4 spell: Airstrike
  3641 | D:4      | Noticed Robin
  3667 | D:4      | Reached XP level 7. HP: 37/52 MP: 10/10
  3672 | D:4      | Killed Robin
  4558 | D:4      | Found a shadowy altar of Dithmenos.
  4558 | D:4      | Found a hazy altar of Hepliaklqana.
  4558 | D:4      | Found a broken altar of Ashenzari.
  4558 | D:4      | Found a glowing silver altar of Zin.
  4558 | D:4      | Found a sacrificial altar of Ru.
  4558 | D:4      | Found an opulent altar of Gozag.
  4794 | D:4      | Became a worshipper of Gozag Ym Sagoz the Greedy
  4833 | D:4      | Found a staircase to the Ecumenical Temple.
  4838 | D:4      | Noticed Ijyb
  4847 | D:4      | Killed Ijyb
  5176 | D:4      | Identified 3 scrolls of acquirement
  5177 | D:4      | Acquired 1035 gold pieces
  5178 | D:4      | Acquired 636 gold pieces
  5179 | D:4      | Acquired the ring "Simmiachi" {rElec rN++ rCorr Str-3
                  | Int+6}
  5348 | D:5      | Entered Level 5 of the Dungeon
  5373 | D:5      | Reached XP level 8. HP: 60/60 MP: 5/12
  5548 | D:5      | Found an iron altar of Okawaru.
  5831 | D:5      | Identified the +7 spear "Doddetae" {speed, Dex+2}
  5932 | D:5      | Found a transporter.
  5968 | D:5      | Found a transporter.
  6142 | D:6      | Found a sand-covered staircase.
  6166 | Ossuary  | Entered an ossuary
  6624 | D:6      | Noticed Maggie
  6638 | D:6      | Killed Maggie
  6766 | D:6      | Found a large runed translucent door.
  6766 | D:6      | Found a large runed translucent door.
  6783 | D:6      | Noticed Frosty's ghost (novice HOCA)
  6864 | D:6      | Identified the +5 rapier of Nolo Contendere {venom, Will+}
  6991 | D:6      | Reached XP level 9. HP: 35/67 MP: 14/14
  7137 | D:6      | Found an opulent altar of Gozag.
  7350 | D:7      | Noticed Prince Ribbit
  7352 | D:7      | Reached skill level 5 in Fighting
  7471 | D:7      | Killed Prince Ribbit
  7640 | D:7      | Identified the ring of Ytoito {rN+ Will+ EV+5 Stlth+}
  7741 | D:7      | Found a blossoming altar of Fedhas.
  7764 | D:7      | Reached skill level 5 in Invocations
  7845 | D:7      | Found Cejus's General Store.
  7858 | D:7      | Bought a scroll of teleportation for 42 gold pieces
  7858 | D:7      | Bought a scroll of teleportation for 42 gold pieces
  7858 | D:7      | Bought a scroll of teleportation for 42 gold pieces
  7858 | D:7      | Bought a potion of heal wounds for 70 gold pieces
  8057 | D:8      | Found a shimmering blue altar of Sif Muna.
  8179 | D:8      | Found a flagged portal.
  8206 | Bailey   | Entered a bailey
  8613 | Bailey   | Reached skill level 5 in Short Blades
  8613 | Bailey   | Reached skill level 5 in Long Blades
  8613 | Bailey   | Reached skill level 5 in Axes
  8613 | Bailey   | Reached skill level 5 in Maces & Flails
  8613 | Bailey   | Reached skill level 5 in Polearms
  8613 | Bailey   | Reached skill level 5 in Staves
  8613 | Bailey   | Reached skill level 5 in Ranged Weapons
  8613 | Bailey   | Reached skill level 5 in Throwing
  8613 | Bailey   | Reached skill level 5 in Armour
  8613 | Bailey   | Reached skill level 5 in Stealth
  8613 | Bailey   | Reached skill level 5 in Shields
  8613 | Bailey   | Reached skill level 5 in Spellcasting
  8613 | Bailey   | Reached skill level 5 in Evocations
  8613 | Bailey   | Reached XP level 10. HP: 60/76 MP: 17/17
  8766 | Bailey   | Noticed a gargoyle
  8769 | Bailey   | Killed a gargoyle
  8855 | Bailey   | Found the +3 pair of seven-league boots {Rampage+∞}
 10124 | D:9      | Found a radiant altar of Vehumet.
 10149 | D:9      | Noticed Joseph
 10164 | D:9      | Killed Joseph
 10479 | D:9      | Noticed Erica
 10482 | D:9      | Noticed Maurice
 10495 | D:9      | Killed Erica
 10515 | D:9      | Something stole a blade talisman
 10526 | D:9      | Something stole a +0 war axe of flaming
 10528 | D:9      | Killed Maurice
 10529 | D:9      | Reached skill level 5 in Conjurations
 10529 | D:9      | Reached skill level 5 in Hexes
 10529 | D:9      | Reached skill level 5 in Summonings
 10529 | D:9      | Reached skill level 5 in Necromancy
 10529 | D:9      | Reached skill level 5 in Translocations
 10529 | D:9      | Reached skill level 5 in Fire Magic
 10529 | D:9      | Reached skill level 5 in Ice Magic
 10529 | D:9      | Reached skill level 5 in Air Magic
 10529 | D:9      | Reached skill level 5 in Earth Magic
 10529 | D:9      | Reached skill level 5 in Alchemy
 10539 | D:9      | Reached XP level 11. HP: 40/83 MP: 11/20
 10550 | D:9      | Found a bloodstained altar of Trog.
 11563 | D:9      | Found a sparkling altar of Nemelex Xobeh.
 11667 | D:9      | Learned a level 4 spell: Summon Blazeheart Golem
 11668 | D:10     | Entered Level 10 of the Dungeon
 11707 | D:10     | Found a staircase to the Lair.
 12082 | D:10     | Noticed a tengu warrior
 12098 | D:10     | Killed a tengu warrior
 12714 | D:10     | Noticed Snorg
 12722 | D:10     | Killed Snorg
 12913 | D:10     | Noticed Josephine
 12967 | D:10     | Reached XP level 12. HP: 49/91 MP: 22/22
 12981 | D:10     | Killed Josephine
 13147 | D:10     | Found Impehi Unon's Neck Hole.
 13165 | D:10     | Bought an amulet of regeneration for 300 gold pieces
 13260 | D:10     | Noticed a sun demon
 13530 | D:10     | Reached skill level 10 in Unarmed Combat
 14077 | D:11     | Identified the +0 robe "Capneunk" {*Corrode rF++}
 14358 | D:11     | Noticed a two-headed ogre
 14374 | D:11     | Killed a two-headed ogre
 14462 | D:11     | Found a staircase to the Orcish Mines.
 15119 | D:12     | Noticed Kirke
 15151 | D:12     | Killed Kirke
 16011 | D:12     | You fall into a shaft and drop 2 floors!
 16029 | D:14     | Found a gate to the Vaults.
 16030 | D:14     | Noticed a yaktaur captain
 16077 | D:14     | Reached XP level 13. HP: 62/99 MP: 25/25
 16086 | D:14     | Reached skill level 10 in Shapeshifting
 16565 | D:13     | Slain by a green ugly thing

Illustrated notes

Levels and vault maps discovered:
D:1:      onia_arrival_pyramid, layout_loops_ring, grunt_decor_junction
D:2:      layout_rooms, feat_on_display, uniq_jessica
D:3:      layout_basic, gup_sewer_entry_bowl, uniq_natasha
D:4:      cheibrodos_fertilizer, layout_rooms, temple_pool_b, uniq_robin,
          uniq_ijyb
D:5:      gammafunk_cloud_chamber, layout_gridville,
          mainiacjoe_overflow_surrounded_room
D:6:      layout_basic, amcnicky_altar_gilded,
          lightli_ossuary_entry_decrepit_ruins, ebering_ghost_disaster_area,
          uniq_maggie
D:7:      layout_rooms, nicolae_overflow_hidden_temple, serial_shops,
          nicolae_shop_window_shopping, uniq_prince_ribbit1
D:8:      layout_basic, nicolae_sif_muna_condensation, enter_bailey_7,
          onia_ninara_dug_in_and_dangerous
D:9:      layout_loops_corners, nemelex_diamond_rough_becter, vehumet_statue,
          trog_three_pillars_becter, uniq_joseph, uniq_maurice, uniq_erica
D:10:     erik_cavepeople, layout_loops_ring, minmay_lair_entry_grove,
          nicolae_shop_sticking_my_neck_out, uniq_snorg, uniq_josephine
D:11:     layout_roguey, david_orc_2
D:12:     layout_roguey, interstate_on_off, lemuel_flamethrower_hall, uniq_kirke
D:13:     layout_gridville, nicolae_benzene_ring
D:14:     layout_roguey, david_vaults_2, hangedman_decor_growths,
          bloody_makhleb, uniq_nessos

Skill      XL: |  1  2  3  4  5  6  7  8  9 10 11 12 13 |
---------------+----------------------------------------+-----
Invocations    | 1 2 3 4 5 6 7 8 9 |  9.1
Short Blades   | 1 2 3 5 6 7 8 |  8.3
Long Blades    | 1 2 3 5 6 7 8 |  8.3
Axes           | 1 2 3 5 6 7 8 |  8.3
Maces & Flails | 1 2 3 5 6 7 8 |  8.3
Polearms       | 1 2 3 5 6 7 8 |  8.3
Staves         | 1 2 3 5 6 7 8 |  8.3
Ranged Weapons | 1 2 3 5 6 7 8 |  8.3
Throwing       | 1 2 3 5 6 7 8 |  8.3
Armour         | 1 2 3 5 6 7 8 |  8.3
Stealth        | 1 2 3 5 6 7 8 |  8.3
Shields        | 1 2 3 5 6 7 8 |  8.3
Spellcasting   | 1 2 3 5 6 7 8 |  8.3
Evocations     | 1 2 3 5 6 7 8 |  8.3
Conjurations   | 1 2 3 4 5 6 |  6.9
Hexes          | 1 2 3 4 5 6 |  6.9
Summonings     | 1 2 3 4 5 6 |  6.9
Necromancy     | 1 2 3 4 5 6 |  6.9
Translocations | 1 2 3 4 5 6 |  6.9
Fire Magic     | 1 2 3 4 5 6 |  6.9
Ice Magic      | 1 2 3 4 5 6 |  6.9
Air Magic      | 1 2 3 4 5 6 |  6.9
Earth Magic    | 1 2 3 4 5 6 |  6.9
Alchemy        | 1 2 3 4 5 6 |  6.9
Fighting       | 3 4 5 6 7 8 |  8.8
Dodging        | 5 6 7 8 9 |  9.6
Unarmed Combat | 7 8 9 10 | 10.6
Shapeshifting  | 7 8 9 10 | 10.1

Action                     |  1- 3 |  4- 6 |  7- 9 | 10-12 | 13-15 || total
---------------------------+-------+-------+-------+-------+-------++-------
  Melee: Unarmed           |    36 |       |    49 |       |       ||    85
         Bite              |     2 |     6 |    53 |   153 |    10 ||   224
         Dagger            |       |    96 |       |       |       ||    96
         Punch             |       |     9 |    22 |    55 |     9 ||    95
         Short sword       |       |    30 |    92 |       |       ||   122
         Spear             |       |       |   142 |    11 |       ||   153
         Rapier            |       |       |   139 |  1030 |    79 ||  1248
   Fire: Sling             |    33 |    80 |       |       |       ||   113
  Throw: Dart              |       |    14 |       |     4 |       ||    18
   Cast: Summon Blazeheart |       |       |       |     4 |       ||     4
 Invoke: Potion Petition   |       |       |       |     4 |     2 ||     6
  Evoke: Wand              |       |       |     4 |    11 |       ||    15
    Use: Scroll            |       |     2 |     9 |     7 |     1 ||    19
         Potion            |       |     4 |       |    11 |       ||    15
   Stab: Sleeping          |     1 |       |     8 |     8 |       ||    17
         Paralysed         |       |       |    10 |     5 |       ||    15
         Distracted        |       |       |     2 |     1 |     1 ||     4
         Invisible         |       |       |       |     2 |       ||     2
 Armour: Animal skin       |    17 |    13 |       |       |       ||    30
         Skin              |       |    32 |    17 |    80 |       ||   129
         Ring mail         |       |    56 |   108 |       |       ||   164
         Steam dragon scal |       |       |    79 |   466 |       ||   545
         Robe              |       |       |       |    14 |    56 ||    70
  Dodge: Dodged            |    15 |    87 |   315 |   887 |    56 ||  1360
   Form: Flux              |       |       |     1 |       |       ||     1
         Beast             |       |       |     1 |       |       ||     1
                           |       |       |       |     1 |       ||     1

Table legend: (Time is in decaauts)
 A = Elapsed time spent in this place.
 B = Non-inter-level travel time spent in this place.
 C = Inter-level travel time spent in this place.
 D = Time resting spent in this place.
 E = Time spent auto-exploring this place.
 F = Levels seen in this place.
 G = Mean time per level.
                   A        B        C        D        E       F      G
               +--------+--------+--------+--------+--------+-----+--------+
         Total |  16514 |  15773 |    741 |   3339 |   8095 |  17 |  971.4 |
       Dungeon |  14297 |  13556 |    741 |   2429 |   7767 |  14 | 1021.2 |
         Sewer |   1302 |   1302 |      0 |    705 |    209 |   1 | 1302.0 |
       Ossuary |    205 |    205 |      0 |      0 |     68 |   1 |  205.0 |
        Bailey |    708 |    708 |      0 |    205 |     51 |   1 |  708.0 |
               +--------+--------+--------+--------+--------+-----+--------+

Top non-repeatable levels by time:
    D:10: 2285 daAuts
     D:9: 1582 daAuts
     D:3: 1509 daAuts
     D:4: 1434 daAuts
     D:8: 1324 daAuts
   Sewer: 1302 daAuts
    D:12: 1102 daAuts
     D:6: 1074 daAuts
    D:11: 855 daAuts
     D:1: 768 daAuts
     D:5: 726 daAuts
  Bailey: 708 daAuts
     D:7: 626 daAuts
    D:14: 520 daAuts
     D:2: 474 daAuts
